Map: Estaleiro Orbital

Players

TheZergLord - Winner!

  • Race: Zerg Zerg
  • League: Master

AkiyamaMio

  • Race: Protoss Protoss
  • League: Master

VOD

Have the link to the VOD?

Description

Time

  • Played on: Feb. 25, 2016, 12:38 p.m.
  • Length: 14:47
Show
View Real Time Build Order
Export as new Build Order

TheZergLord Zerg - Winner!

Build Orders: Hatch First, Lurkers 

Get SALT Encoding   

  12  0:01  Drone  
  13  0:13  Overlord  
  13  0:17  Drone  
  14  0:32  Drone x2  
  14  0:35  Drone  
  17  0:54  Hatchery  
  17  0:56  Drone  
  17  0:58  Drone  
  18  1:11  Extractor  
  18  1:14  Spawning Pool  
  18  1:16  Drone  
  17  1:20  Drone  
  18  1:28  Drone  
  19  1:40  Overlord  
  19  1:53  Drone  
  20  2:00  Queen  
  22  2:01  Zergling x2  
  22  2:06  Queen, Zergling x2  
  26  2:12  Drone  
  26  2:15  Metabolic Boost  
  27  2:17  Drone  
  28  2:23  Drone  
  29  2:41  Drone  
  29  2:44  Queen  
  32  2:55  Hatchery  
  31  2:59  Drone x4  
  31  3:00  Overlord  
  35  3:05  Drone  
  36  3:20  Drone x2  
  36  3:22  Drone x5  
  43  3:36  Overlord  
  43  3:38  Drone  
  44  3:46  Extractor  
  44  3:47  Drone, Roach Warren  
  43  3:53  Overlord  
  43  3:56  Drone x3  
  43  3:57  Drone x3  
  43  4:01  Lair  
  49  4:06  Drone  
  49  4:09  Drone x2  
  51  4:10  Queen  
  53  4:23  Drone  
  53  4:24  Drone x5  
  56  4:27  Overlord  
  56  4:29  Roach x3  
  65  4:32  Overlord  
  65  4:52  Roach x4  
  73  4:58  Glial Reconstitution  
  73  5:02  Overseer  
  73  5:11  Overlord x2  
  73  5:22  Hatchery, Extractor  
  73  5:23  Extractor  
  73  5:24  Overlord  
  73  5:25  Overlord x3  
  70  5:29  Hydralisk Den  
  70  5:30  Evolution Chamber  
  70  5:31  Drone x12  
  70  5:35  Extractor  
  79  5:36  Drone  
  79  5:37  Drone x2, Extractor  
  79  5:42  Overseer  
  81  5:50  Drone x3  
  81  5:52  Drone x2  
  81  5:56  Zerg Missile Weapons Level 1  
  86  5:58  Drone x4  
  90  6:06  Muscular Augments  
  90  6:08  Zergling x12  
  90  6:09  Zergling x4  
  98  6:18  Hydralisk x3  
  104  6:28  Overlord x2  
  104  6:31  Hydralisk x3  
  104  6:32  Hydralisk  
  112  6:42  Queen  
  112  6:46  Hydralisk x3  
  112  6:47  Hydralisk x3  
  126  6:58  Hydralisk x3  
  126  6:59  Hydralisk  
  129  7:09  Hydralisk x3  
  129  7:11  Overlord x2  
  129  7:12  Overlord  
  135  7:32  Drone x13  
  146  7:39  Hydralisk x2  
  128  7:52  Extractor  
  128  7:53  Extractor  
  128  7:55  Hydralisk x6  
  128  7:56  Hydralisk x7  
  126  8:12  Overseer  
  118  8:15  Hydralisk x5  
  118  8:17  Zergling x12  
  118  8:18  Zergling x4  
  136  8:27  Zerg Missile Weapons Level 2  
  136  8:29  Zergling x10  
  136  8:30  Zergling x2  
  142  8:40  Lurker Den  
  140  8:42  Hydralisk  
  140  8:43  Hydralisk x4  
  140  8:45  Zergling x6  
  143  9:00  Hydralisk  
  143  9:01  Hydralisk x4  
  151  9:04  Overlord x5  
  150  9:16  Infestation Pit  
  148  9:21  Hydralisk  
  148  9:22  Hydralisk x9  
  143  9:35  Zergling x2  
  143  9:36  Zergling x10  
  129  9:47  Hydralisk  
  129  9:48  Hydralisk x8  
  129  9:49  Zergling x2  
  129  9:50  Zergling x2  
  144  10:03  Zergling x18  
  153  10:13  Lurker x6  
  159  10:23  Hatchery  
  159  10:25  Overlord x3  
  159  10:27  Lurker x2  
  159  10:28  Lurker  
  161  10:33  Hydralisk x3  
  167  10:36  Overlord x5  
  167  10:37  Overlord  
  166  10:46  Hive  
  166  10:51  Hydralisk x4  
  166  10:52  Hydralisk  
  174  11:12  Hydralisk x4  
  174  11:13  Hydralisk x5  
  178  11:42  Hydralisk x4  
  178  11:43  Hydralisk x7  
  174  12:04  Hydralisk x2  
  174  12:05  Hydralisk x7  
  174  12:06  Hydralisk x2  
  196  12:21  Queen  
  197  12:24  Hydralisk  
  176  13:14  Hydralisk  
  176  13:15  Hydralisk x10  
  178  13:49  Hydralisk  
  178  13:50  Hydralisk x10  
  170  14:17  Hydralisk  
  170  14:18  Hydralisk x12  
Show
View Real Time Build Order
Export as new Build Order

AkiyamaMio Protoss 

Build Orders: Nexus First 

Get SALT Encoding   

  12  0:00  Probe (Chrono Boost)  
  13  0:11  Probe (Chrono Boost)  
  14  0:18  Pylon  
  14  0:22  Probe (Chrono Boost)  
  15  0:36  Probe (Chrono Boost)  
  16  0:47  Probe (Chrono Boost)  
  17  0:58  Nexus  
  17  1:08  Gateway  
  17  1:10  Probe (Chrono Boost)  
  18  1:15  Assimilator  
  18  1:20  Assimilator  
  18  1:22  Probe (Chrono Boost)  
  19  1:33  Probe (Chrono Boost)  
  20  1:40  Forge  
  20  1:43  Probe (Chrono Boost)  
  22  1:54  Probe (Chrono Boost)  
  22  1:55  Cybernetics Core  
  22  2:04  Probe (Chrono Boost)  
  23  2:14  Probe (Chrono Boost)  
  23  2:15  Protoss Ground Weapons Level 1, Probe (Chrono Boost)  
  25  2:25  Probe (Chrono Boost)  
  25  2:26  Probe (Chrono Boost)  
  27  2:30  Zealot  
  27  2:34  Warp Gate  
  27  2:36  Probe (Chrono Boost), Mothership Core (Chrono Boost)  
  32  2:42  Assimilator  
  32  2:47  Probe (Chrono Boost)  
  33  2:55  Probe (Chrono Boost)  
  33  2:57  Probe (Chrono Boost)  
  34  2:59  Sentry  
  34  3:04  Pylon  
  34  3:05  Probe (Chrono Boost)  
  37  3:08  Gateway  
  37  3:11  Pylon  
  37  3:14  Probe (Chrono Boost)  
  38  3:23  Probe (Chrono Boost)  
  38  3:25  Stalker  
  38  3:26  Probe (Chrono Boost)  
  42  3:35  Twilight Council  
  42  3:36  Probe (Chrono Boost)  
  42  3:38  Probe (Chrono Boost)  
  44  3:46  Probe (Chrono Boost)  
  45  3:49  Probe (Chrono Boost)  
  46  3:59  Nexus  
  46  4:05  Blink  
  46  4:09  Pylon  
  46  4:10  Photon Cannon  
  46  4:12  Protoss Ground Weapons Level 2 (Chrono Boost)  
  46  4:14  Probe (Chrono Boost)  
  47  4:22  Probe  
  48  4:27  Probe, Assimilator  
  49  4:34  Probe  
  50  4:40  Probe  
  50  4:41  Pylon  
  50  4:44  Robotics Facility  
  51  4:46  Probe  
  52  4:54  Stalker x2  
  56  5:05  Pylon  
  56  5:06  Probe  
  57  5:08  Probe  
  57  5:13  Gateway  
  58  5:14  Gateway, Probe  
  58  5:16  Gateway  
  58  5:20  Gateway  
  59  5:23  Pylon  
  59  5:25  Probe  
  59  5:27  Probe x2  
  61  5:34  Warp Prism (Chrono Boost)  
  64  5:37  Probe  
  65  5:43  Probe  
  65  5:44  Probe  
  65  5:48  Stalker x2  
  71  5:50  Probe  
  71  5:55  Probe  
  73  6:11  Probe x3 (Chrono Boost)  
  76  6:13  Stalker  
  76  6:14  Stalker  
  76  6:15  Stalker x3  
  76  6:16  Stalker  
  88  6:28  Probe x2 (Chrono Boost)  
  88  6:29  Probe (Chrono Boost)  
  88  6:32  Gateway, Robotics Bay  
  91  6:35  Gateway  
  91  6:37  Pylon, Assimilator  
  91  6:39  Probe (Chrono Boost)  
  92  6:42  Pylon  
  92  6:43  Observer  
  93  6:47  Stalker  
  93  6:48  Stalker x2  
  97  7:04  Observer  
  92  7:12  Stalker x6  
  104  7:17  Assimilator  
  104  7:26  Protoss Ground Weapons Level 3  
  104  7:28  Disruptor  
  107  7:40  Stalker x5  
  107  7:41  Stalker  
  95  8:00  Probe (Chrono Boost)  
  88  8:09  Stalker x5  
  88  8:10  Stalker  
  99  8:13  Probe (Chrono Boost)  
  99  8:15  Disruptor  
  99  8:19  Probe (Chrono Boost), Mothership Core (Chrono Boost)  
  106  8:24  Probe (Chrono Boost)  
  107  8:27  Pylon  
  107  8:38  Forge  
  107  8:40  Pylon, Templar Archives  
  105  8:55  Nexus  
  101  9:00  Stalker x4  
  101  9:01  Stalker x3  
  101  9:02  Stalker  
  111  9:13  Disruptor  
  111  9:14  Protoss Ground Armor Level 1  
  110  9:24  Probe (Chrono Boost)  
  110  9:30  Stalker x3  
  110  9:31  Stalker x5  
  113  9:42  Probe (Chrono Boost)  
  114  9:48  Probe (Chrono Boost)  
  115  9:53  Stalker x2  
  115  9:54  Stalker x3  
  115  9:58  Probe (Chrono Boost)  
  124  10:14  Psionic Storm  
  124  10:17  Protoss Shields Level 1  
  124  10:23  Pylon  
  124  10:24  Pylon  
  124  10:27  Pylon  
  124  10:28  Pylon  
  124  10:33  Pylon  
  124  10:35  Pylon  
  124  10:44  Disruptor  
  124  10:49  High Templar x2  
  131  10:50  Stalker x5  
  131  10:51  Stalker  
  143  11:00  Gateway  
  143  11:02  Gateway  
  143  11:03  Gateway  
  143  11:12  Protoss Ground Armor Level 2  
  143  11:21  Observer  
  140  11:37  Zealot x2  
  140  11:38  Zealot  
  140  11:39  Zealot  
  137  11:40  Zealot x3  
  137  11:42  Observer  
  137  11:45  Zealot  
  70  12:03  Probe (Chrono Boost)  
  70  12:08  Stalker x4  
  73  12:11  Assimilator  
  74  12:21  Stalker x2  
  74  12:22  Stalker x2  
  82  12:26  Probe (Chrono Boost)  
  82  12:28  Probe (Chrono Boost)  
  85  12:37  Probe (Chrono Boost)  
  85  12:38  Probe (Chrono Boost)  
  85  12:44  Nexus  
  86  12:47  Probe (Chrono Boost)  
  86  12:49  Probe (Chrono Boost)  
  81  12:55  Stalker x6  
  81  12:56  Stalker  
  81  12:57  Stalker x3  
  81  12:58  Stalker  
  78  13:33  Stalker x4  
  78  13:34  Stalker x3  
Tags
 
Add a new tag
Caveats
  • Supply blocks, unpowered buildings, or Contaminate may cause inaccurate times.
  • Supply counts are checked every 10 seconds.